 Dungeon Crawl Stone Soup version 0.30-a0-989-g0d87f670db (webtiles) character file.

Game seed: 13970402375668725750

59 mopl the Slasher (level 4, 0/26 HPs)
             Began as a Tengu Warper on Apr 3, 2023.
             Slain by a goblin
             ... wielding a +1 dagger of protection
             ... led by Robin
              (4 damage)
             ... on level 2 of the Dungeon.
             The game lasted 00:02:02 (780 turns).

mopl the Slasher (Tengu Warper)                      Turns: 780, Time: 00:02:02

Health: 0/26       AC:  3    Str: 13    XL:     4   Next: 3%
Magic:  8/8        EV: 12    Int: 13    God:
Gold:   61         SH:  0    Dex: 14    Spells: 5/7 levels left

rFire   . . .      SeeInvis .    a - +0 falchion
rCold   . . .      Faith    .    (no shield)
rNeg    . . .      Spirit   .    b - +0 leather armour
rPois   .          Reflect  .    (helmet restricted)
rElec   .          Rampage  .    (no cloak)
rCorr   .                        (no gloves)
Will    .....                    (boots unavailable)
Stlth   +                        (no amulet)
HPRegen 0.24/turn                (no ring)
MPRegen 0.11/turn                (no ring)

@: no status effects
A: beak, talons 3
a: no special abilities


You were on level 2 of the Dungeon.
You visited 1 branch of the dungeon, and saw 2 of its levels.

You collected 61 gold pieces.

Inventory:

Hand Weapons
 a - a +0 falchion (weapon)
Missiles
 d - 7 boomerangs of dispersal
Armour
 b - a +0 leather armour (worn)
Scrolls
 c - a scroll of blinking
 e - a scroll of butterflies {unknown}
 g - 4 scrolls of identify {unknown}
 i - a scroll of fear {unknown}
 j - a scroll of amnesia {unknown}
Potions
 f - a potion of flight {unknown}
 h - a potion of curing {unknown}


   Skills:
 - Level 2.0 Fighting
 * Level 4.0 Long Blades
 - Level 1.0 Throwing
 - Level 1.1 Armour
 - Level 2.1 Dodging
 - Level 2.0 Spellcasting
 + Level 3.0 Translocations


You had 5 spell levels left.
You knew the following spells:

 Your Spells              Type           Power      Damage    Failure   Level
e - Blink                 Tloc           18%        N/A       14%         2

Your spell library contained the following spells:

 Spells                   Type           Power      Damage    Failure   Level
 Lesser Beckoning         Tloc           18%        N/A       14%         2
 Teleport Other           Tloc           9%         N/A       28%         3
 Vhi's Electric Charge    Tloc/Air       10%        N/A       45%         3
 Manifold Assault         Tloc           9%         N/A       67%         4


Dungeon Overview and Level Annotations

Branches:
Dungeon (2/15)

Altars:

Annotations:
D:2 Jessica, Robin, Terence


Innate Abilities, Weirdness & Mutations

You have a beak for a mouth.
You have claws for feet.


Message History

The ball python barely misses you. The ball python misses you.
You hit the ball python.
You peck the ball python, but do no damage.
The ball python is severely wounded.
The ball python barely misses you. x2
You barely miss the ball python.
The ball python is severely wounded.
The ball python bites you. The ball python grabs you.
The ball python constricts you.
You closely miss the ball python. You peck the ball python.
You kill the ball python!
Robin throws the goblin at you!
A hobgoblin comes into view.
You closely miss the goblin. You claw the goblin.
You kill the goblin!
The goblin hits you but does no damage.
Your Translocations skill increases to level 3!
Unknown command.
You hit the goblin.
You kill the goblin!
Robin throws the goblin at you! The goblin closely misses you.
Your Long Blades skill increases to level 4!
You have reached level 4!
You feel agile.
You closely miss the goblin. You claw the goblin, but do no damage.
Your peck misses the goblin. The goblin hits you with a +0 club.
Robin's horned helmet rattles.
Robin roars a battlecry!
The goblins go into a battle-frenzy!
The goblin completely misses you.
A goblin comes into view. It is wielding a +0 club.
The goblin barely misses you. The goblin hits you with a +0 dagger.
* * * LOW HITPOINT WARNING * * *
You slash the goblin!
You kill the goblin!
The goblin hits you but does no damage. Robin throws the goblin at you!
* * * LOW HITPOINT WARNING * * *
The goblin hits you with a +1 dagger of protection.
You die...

#.. #.# #.#
#.# ## #.#
. #.# .#
#.# #.###.#
#@##g.....#
#ggg.g....#
####..###.#
..# ..# g.#
g$. #.## g#


You could see Robin, a hobgoblin (strong) and 2 goblins.

Vanquished Creatures
  2 adders (D:2)
  6 bats (D:1)
  2 endoplasms
  3 giant cockroaches
  7 goblins
  4 hobgoblins
  A jackal (D:2)
  2 quokkas
  3 ball pythons
  3 frilled lizards
  4 kobolds
  A rat (D:1)
38 creatures vanquished.

Notes
Turn   | Place    | Note
-------+----------+-------------------------------------------
     0 | D:1      | mopl the Tengu Warper began the quest for the Orb.
     0 | D:1      | Reached XP level 1. HP: 12/12 MP: 4/4
    23 | D:1      | Reached XP level 2. HP: 13/17 MP: 6/6
    26 | D:1      | Learned a level 2 spell: Blink
   250 | D:1      | Reached skill level 3 in Long Blades
   428 | D:2      | Reached XP level 3. HP: 19/21 MP: 7/7
   725 | D:2      | Noticed Terence
   726 | D:2      | Noticed Jessica
   768 | D:2      | Noticed Robin
   777 | D:2      | Reached skill level 3 in Translocations
   778 | D:2      | Reached skill level 4 in Long Blades
   778 | D:2      | Reached XP level 4. HP: 13/26 MP: 8/8
   780 | D:2      | Slain by a goblin

Illustrated notes

Levels and vault maps discovered:
D:1:      minmay_arrival_five_plusses, layout_rooms,
          chequers_serial_rivers_room_b, kennysheep_doodads,
          minmay_misc_feat_tiny
D:2:      minmay_alternating_diamond, layout_loops_corners,
          shapermc_ecumenical_altar_mp_ritualfount, grunt_decor_resistance,
          st_stairs_2, ebering_dispersal_statue_hall, kennysheep_generic_room_2,
          uniq_terence, uniq_jessica, uniq_robin

Skill      XL: |  1  2  3 |
---------------+----------+-----
Long Blades    | 3 4 |  4.0
Translocations | 3 |  3.0
Fighting       | |  2.0
Throwing       | |  1.0
Armour         | |  1.1
Dodging        | |  2.1
Spellcasting   | |  2.0

Action                     |  1- 3 |  4- 6 || total
---------------------------+-------+-------++-------
  Melee: Falchion          |    78 |     2 ||    80
         Kick              |    21 |     1 ||    22
         Peck              |    11 |       ||    11
 Armour: Leather armour    |    23 |     1 ||    24
  Dodge: Dodged            |    47 |     2 ||    49

Table legend: (Time is in decaauts)
 A = Elapsed time spent in this place.
 B = Non-inter-level travel time spent in this place.
 C = Inter-level travel time spent in this place.
 D = Time resting spent in this place.
 E = Time spent auto-exploring this place.
 F = Levels seen in this place.
 G = Mean time per level.
                   A        B        C        D        E       F      G
               +--------+--------+--------+--------+--------+-----+--------+
         Total |    791 |    779 |     12 |     46 |    514 |   2 |  395.5 |
       Dungeon |    791 |    779 |     12 |     46 |    514 |   2 |  395.5 |
               +--------+--------+--------+--------+--------+-----+--------+

Top non-repeatable levels by time:
     D:1: 428 daAuts
     D:2: 362 daAuts
